 Dungeon Crawl Stone Soup version 0.32-a0-131-g9dbbe29261 (webtiles) character file.

Game seed: 17114287982823446099

478 Ceno the Sneak (level 7, -2/60 HPs)
             Began as a Naga Ice Elementalist on Feb 9, 2024.
             Was an Initiate of Gozag.
             Slain by an ice beast (5 damage)
             ... on level 5 of the Dungeon.
             The game lasted 00:11:07 (3678 turns).

Ceno the Sneak (Naga Ice Elementalist)              Turns: 3678, Time: 00:11:07

Health: -2/60      AC:  4    Str: 10    XL:     7   Next: 11%
Magic:  10/13      EV:  8    Int: 17    God:    Gozag
Gold:   464        SH:  0    Dex: 12    Spells: 4/14 levels left

rFire   x . .        j - +0 spear
rCold   + . .        (no shield)
rNeg    . . .        y - +0 ring mail
rPois   +            (no helmet)
rElec   .            (no cloak)
rCorr   .            (no gloves)
SInv    +            (no barding)
Will    +....        (no amulet)
Stlth   +++          n - ring of willpower
HPRegen 0.30/turn    m - ring of ice
MPRegen 0.13/turn

%: no passive effects
@: short of breath, very slow
A: AC +2, large, see invisible, deformed body, poison resistance, slowness 2,
spit poison 1, naga tail 1
a: Spit Poison, Renounce Religion, Potion Petition, Call Merchant, Bribe Branch


You were on level 5 of the Dungeon.
You worshipped Gozag.
Gozag was aware of your devotion.
You visited 1 branch of the dungeon, and saw 5 of its levels.

You collected 464 gold pieces.

Inventory:

Hand Weapons
 j - a +0 spear (weapon)
Missiles
 f - 23 stones (quivered)
 q - 5 poisoned darts
Armour
 a - a +0 robe
 t - a +0 scale mail
 y - a +0 ring mail (worn)
Jewellery
 m - a ring of ice (right hand)
 n - a ring of willpower (left hand)
 v - a ring of resist corrosion
Wands
 s - a wand of flame (26)
Scrolls
 c - a scroll of identify {unknown}
 e - a scroll of amnesia {unknown}
 g - a scroll of summoning {unknown}
 i - a scroll of noise {unknown}
 l - a scroll of poison {unknown}
 o - a scroll of enchant weapon {unknown}
 r - a scroll of acquirement {unknown}
 u - a scroll of fog {unknown}
 w - a scroll of enchant armour {unknown}
Potions
 b - a potion of magic
 d - 3 potions of mutation {unknown}
 h - 10 potions of curing {unknown}
 k - a potion of haste {unknown}
 p - a potion of berserk rage {unknown}
 x - a potion of attraction {unknown}


   Skills:
 + Level 2.0 Fighting
 - Level 1.5 Dodging
 + Level 6.4 Stealth
 - Level 4.0 Spellcasting
 * Level 5.8 Ice Magic


You had 4 spell levels left.
You knew the following spells:

 Your Spells              Type           Power      Damage    Failure   Level
a - Freeze                Ice            100%       1d10      3%          1
b - Frozen Ramparts       Ice            68%        1d11      11%         3
c - Ozocubu's Armour      Ice            34%        N/A       11%         3
d - Summon Ice Beast      Ice/Summ       20%        N/A       36%         3

Your spell library contained the following spells:

 Spells                   Type           Power      Damage    Failure   Level
 Mercury Vapours          Alch/Air       6%         N/A       52%         2
 Call Canine Familiar     Summ           3%         N/A       77%         3
 Mephitic Cloud           Conj/Alch/Air  3%         N/A       77%         3
 Sigil of Binding         Hex            3%         N/A       77%         3
 Dimensional Bullseye     Hex/Tloc       1%         N/A       99%         4
 Freezing Cloud           Conj/Ice/Air   7%         6-21      99%         5


Dungeon Overview and Level Annotations

Branches:
Dungeon (5/15)
 Temple: D:4-7

Altars:
Gozag
Vehumet

Annotations:
D:4 exclusions: ogre and phantom


Innate Abilities, Weirdness & Mutations

Your serpentine skin is tough. (AC +2)
You have supernaturally acute eyesight. (SInv)
Armour fits poorly on your strangely shaped body.
Your system is resistant to poisons. (rPois)
You cover ground very slowly.
You can spit poison.
You have a snake-like lower body.


Message History

The ice beast hits you but does no damage.
Your ice beast hits the ice beast but does no damage.
You hit the ice beast.
The ice beast is heavily wounded.
The ice beast hits you but does no damage.
Your ice beast misses the ice beast.
You hit the ice beast but do no damage.
The ice beast is heavily wounded.
The ice beast hits you. The ice beast freezes you. You resist.
Your ice beast hits the ice beast.
Your ice beast freezes the ice beast.
The ice beast completely resists.
You hit the ice beast but do no damage.
The ice beast is heavily wounded.
The ice beast hits you.
* * * LOW HITPOINT WARNING * * *
The ice beast freezes you. You resist.
* * * LOW HITPOINT WARNING * * *
Your ice beast hits the ice beast but does no damage.
You hit the ice beast but do no damage.
The ice beast is heavily wounded.
The ice beast barely misses you.
Your ice beast misses the ice beast.
You hit the ice beast.
The ice beast is heavily wounded.
The ice beast closely misses you.
Your ice beast hits the ice beast but does no damage.
The ice beast hits you.
* * * LOW HITPOINT WARNING * * *
The ice beast freezes you. You resist.
* * * LOW HITPOINT WARNING * * *
Aiming: Spit Poison (1% risk of failure)
Press: ? - help, Shift-Dir - straight line, f/p - ice beast
Aim: an ice beast (heavily wounded, ally target, 59% to hit)
The splash of poison hits the ice beast.
The ice beast is severely wounded.
Your ice beast hits the ice beast but does no damage.
The ice beast hits you.
* * * LOW HITPOINT WARNING * * *
The ice beast freezes you. You resist.
You die...
Your body crumbles into a pile of gold.

####### ###.....######
####...~..P..PPP#
###....P..PP~P♣~~P#
#...PP~P~~≈♣~~~~.P#
#.#.~PP~≈≈♣~PPPP~##
###..PP~♣≈≈~P~P#####
###....P~~♣♣♣PP~##
....#.~~~♣♣♣PP~~@#
######PP~≈≈~♣P.YY# #
#.PP~~~♣PPP.#### #
##PPPP~~♣~~.P~.#
#######...PP~P♣~~~P....#
##..........~P.P~♣~~PP.#
....###.......PPPPP~~..#
#..#..#..........~.P~..#
..##..#............PP~.#


You could see an ice beast (ally target) and a friendly ice beast (summoned).

Vanquished Creatures
  A water moccasin (D:5)
  An ogre (D:5)
  A bombardier beetle (D:5)
  A hound (D:5)
  An orc priest (D:3)
  An iguana (D:4)
  An orc wizard (D:3)
  2 adders
  2 dart slugs
  2 ribbon worms
  4 orcs (D:3)
  9 ball pythons
  3 bats
  7 endoplasms
  9 giant cockroaches
  7 goblins
  5 hobgoblins
  3 jackals (D:1)
  2 quokkas
  5 frilled lizards
  6 kobolds
  9 rats
82 creatures vanquished.

Vanquished Creatures (collateral kills)
  Terence (D:3)
  A ribbon worm (D:3)
  An endoplasm (D:3)
  A hobgoblin (D:3)
4 creatures vanquished.

Grand Total: 86 creatures vanquished

Notes
Turn   | Place    | Note
-------+----------+-------------------------------------------
     0 | D:1      | Ceno the Naga Ice Elementalist began the quest for the Orb.
     0 | D:1      | Reached XP level 1. HP: 15/15 MP: 3/3
     1 | D:1      | Found a runed translucent door.
   156 | D:1      | Reached XP level 2. HP: 22/22 MP: 1/5
   630 | D:1      | Reached XP level 3. HP: 28/28 MP: 7/7
   641 | D:1      | Learned a level 3 spell: Frozen Ramparts
   645 | D:1      | Learned a level 3 spell: Ozocubu's Armour
   903 | D:2      | Reached skill level 4 in Stealth
  1191 | D:2      | Found a faded altar of an unknown god.
  1200 | D:2      | Prayed at the altar of an unknown god.
  1200 | D:2      | Became a worshipper of Gozag Ym Sagoz the Greedy
  1345 | D:2      | Reached XP level 4. HP: 36/36 MP: 8/8
  1591 | D:3      | Noticed Terence
  1837 | D:3      | Reached XP level 5. HP: 23/42 MP: 5/10
  1878 | D:3      | Learned a level 3 spell: Summon Ice Beast
  2123 | D:3      | Killed Terence
  2180 | D:3      | Found a radiant altar of Vehumet.
  2235 | D:3      | Reached skill level 5 in Stealth
  2896 | D:4      | Noticed an ogre
  3279 | D:4      | Noticed a phantom
  3358 | D:5      | Entered Level 5 of the Dungeon
  3363 | D:5      | Reached skill level 5 in Ice Magic
  3363 | D:5      | Reached XP level 6. HP: 47/50 MP: 5/12
  3429 | D:5      | Noticed a water moccasin
  3481 | D:5      | Reached skill level 1 in Fighting
  3483 | D:5      | Killed a water moccasin
  3484 | D:5      | Reached skill level 6 in Stealth
  3484 | D:5      | Reached XP level 7. HP: 47/58 MP: 1/13
  3678 | D:5      | HP: 3/60 [ice beast (4)]
  3678 | D:5      | Slain by an ice beast

Illustrated notes

Levels and vault maps discovered:
D:1:      dpeg_arrival_caged_fury, layout_rooms
D:2:      layout_basic, dilly_ecumenical_altar_fadedgnrine
D:3:      layout_loops_ring, fiery_altar_vehumet, uniq_terence
D:4:      layout_layer_cave
D:5:      layout_rooms, mainiacjoe_overflow_surrounded_room,
          minmay_temple_entry_statues, minmay_misc_feat_roman,
          grunt_ministairs_8, serial_bayou_lagoon_a, uniq_pikel

Skill      XL: |  1  2  3  4  5  6  7 |
---------------+----------------------+-----
Stealth        | 4 5 6 |  6.4
Spellcasting   | 3 4 |  4.0
Ice Magic      | 5 |  5.8
Fighting       | 1 2 |  2.0
Dodging        | |  1.5

Action                     |  1- 3 |  4- 6 |  7- 9 || total
---------------------------+-------+-------+-------++-------
  Melee: Unarmed           |    14 |       |       ||    14
         Spear             |     4 |    55 |    25 ||    84
         Punch             |     1 |       |       ||     1
  Throw: Stone             |       |     5 |       ||     5
   Cast: Freeze            |    28 |    14 |     1 ||    43
         Frozen Ramparts   |     2 |     7 |       ||     9
         Summon Ice Beast  |       |     5 |     1 ||     6
         Ozocubu's Armour  |       |     3 |       ||     3
Ability: Spit Poison       |    21 |    21 |     2 ||    44
   Stab: Sleeping          |       |     2 |       ||     2
 Armour: Robe              |    27 |    37 |       ||    64
         Ring mail         |       |     3 |    13 ||    16
  Dodge: Dodged            |    15 |    34 |     9 ||    58

Table legend: (Time is in decaauts)
 A = Elapsed time spent in this place.
 B = Non-inter-level travel time spent in this place.
 C = Inter-level travel time spent in this place.
 D = Time resting spent in this place.
 E = Time spent auto-exploring this place.
 F = Levels seen in this place.
 G = Mean time per level.
                   A        B        C        D        E       F      G
               +--------+--------+--------+--------+--------+-----+--------+
         Total |   4594 |   4386 |    208 |    525 |   2811 |   5 |  918.8 |
       Dungeon |   4594 |   4386 |    208 |    525 |   2811 |   5 |  918.8 |
               +--------+--------+--------+--------+--------+-----+--------+

Top non-repeatable levels by time:
     D:3: 1265 daAuts
     D:1: 1110 daAuts
     D:2: 1008 daAuts
     D:4: 894 daAuts
     D:5: 315 daAuts
